 Dungeon Crawl Stone Soup version 0.29.0-7-g18a832c13a (webtiles) character file.

Game seed: 15881794292984401822

2177 p0werm0de the Trooper (level 9, -1/56 HPs)
             Began as a Gargoyle Chaos Knight on Aug 30, 2022.
             Was a Believer of Okawaru.
             Slain by a wight
             ... wielding a +2 great sword
              (5 damage)
             ... on level 8 of the Dungeon.
             The game lasted 00:06:03 (5362 turns).

p0werm0de the Trooper (Gargoyle Chaos Knight)       Turns: 5362, Time: 00:06:04

Health: -1/56      AC: 15    Str: 20      XL:     9   Next: 32%
Magic:  20/20      EV:  5    Int: 10 (11) God:    Okawaru [**....]
Gold:   201        SH:  0    Dex:  7      Spells: 8/8 levels left

rFire   + . .      SeeInvis .   a - +0 hand axe (elec)
rCold   . . .      Faith    .   B - +0 buckler
rNeg    + . .      Spirit   .   s - +0 troll leather armour {Pargi}
rPois   ∞          Reflect  .   d - +0 helmet
rElec   +          Harm     .   (no cloak)
rCorr   .          Rampage  .   C - +0 pair of gloves
Will    .....                   b - +0 pair of boots
Stlth   +.........              (no amulet)
HPRegen 0.98/turn               g - ring of magical power
MPRegen 0.17/turn               f - ring of protection from fire

@: held, unable to drink
A: sickness immunity, AC +6, negative energy resistance 1, electricity
resistance, torment resistance 1, petrification resistance, iridescent scales 1,
clumsy 1, deformed body, dopey 1, screaming 1, inability to drink after injury
1, inability to read after injury 1
a: Renounce Religion, Heroism


You were on level 8 of the Dungeon.
You worshipped Okawaru.
Okawaru was pleased with you.
You visited 2 branches of the dungeon, and saw 9 of its levels.
You also visited: Sewer.

You collected 279 gold pieces.
You spent 78 gold pieces at shops.

Inventory:

Hand Weapons
 a - a +0 hand axe of electrocution (weapon)
   (You took it off an orc priest on level 3 of the Dungeon)
 p - a +0 hand axe of chaos
 E - a +1 dire flail of protection
   (You took it off Edmund on level 6 of the Dungeon)
Missiles
 l - 3 throwing nets
Armour
 b - a +0 pair of boots (worn)
   (You found it on level 7 of the Dungeon)
 d - a +0 helmet (worn)
   (You found it on level 2 of the Dungeon)
 s - a +0 troll leather armour (worn) {Pargi}
   (You found it in a sewer)
 B - a +0 buckler (worn)
   (You found it on level 5 of the Dungeon)
 C - a +0 pair of gloves (worn)
   (You found it on level 6 of the Dungeon)
Jewellery
 f - a ring of protection from fire (right hand)
   (You found it on level 5 of the Dungeon)
 g - a ring of magical power (left hand)
   (You found it on level 2 of the Dungeon)
 j - a ring of positive energy
   (You found it on level 4 of the Dungeon)
 A - a ring of ice
   (You found it on level 1 of the Dungeon)
Wands
 m - a wand of mindburst (6)
   (You found it on level 2 of the Dungeon)
 y - a wand of charming (7)
   (You found it on level 5 of the Dungeon)
Scrolls
 i - 3 scrolls of brand weapon
 n - a scroll of magic mapping
 r - 2 scrolls of identify
 t - 2 scrolls of teleportation
 x - a scroll of vulnerability
 z - 3 scrolls of blinking
Potions
 e - a potion of lignification
 h - a potion of haste
 k - a potion of degeneration {unknown}
 q - 3 potions of curing
 u - a potion of mutation
 v - a potion of magic {unknown}
 w - a potion of heal wounds
 D - a potion of might {unknown}
 F - 2 potions of resistance {unknown}
Miscellaneous
 c - a piece from Xom's chessboard (15/15) (quivered)


   Skills:
 * Level 6.9 Fighting
 * Level 5.7 Axes
 * Level 6.3 Armour
 - Level 0.7 Dodging
 * Level 3.6 Shields
 * Level 3.2 Invocations
 * Level 4.8 Evocations


You had 8 spell levels left.
You didn't know any spells.
Your spell library contained the following spells:

 Spells                   Type           Power      Damage    Failure   Level
 Blink                    Tloc           0%         N/A       65%         2
 Lesser Beckoning         Tloc           0%         N/A       86%         3
 Manifold Assault         Tloc           0%         N/A       100%        5


Dungeon Overview and Level Annotations

Branches:
Dungeon (8/15)             Temple (1/1) D:5           Sewer (visited)
   Lair: D:8-11

Altars:
Ashenzari
Cheibriados
Dithmenos
Elyvilon
Fedhas
Kikubaaqudgha
Makhleb
Nemelex Xobeh
Okawaru
Qazlal
Ru
Sif Muna
Trog
Uskayaw
Vehumet
Wu Jian
Xom
Yredelemnul
Zin
The Shining One

Shops:
D:3 *=?(:   D:4 [   D:5 *[

Annotations:
D:7 1 runed translucent door
D:8 Maurice
Temple 2 transporters


Innate Abilities, Weirdness & Mutations

You are immune to sickness and miasma.
Your stone body is resilient. (AC +6)
You are immune to poison.
You resist negative energy. (rN+)
You are resistant to electric shocks. (rElec)
You are resistant to unholy torment.
You are immune to petrification.
You are partially covered in iridescent scales. (AC +2)
You are clumsy. (Dex -2)
Armour fits poorly on your strangely shaped body.
You are dopey. (Int -2)
You occasionally shout uncontrollably at your foes.
You occasionally lose the ability to drink potions when taking damage.
You occasionally lose the ability to read scrolls when taking damage.


Message History

You feel threatened and lose the ability to read scrolls!
You feel threatened and lose the ability to drink potions!
You are too injured to fight recklessly!
You are too injured to fight recklessly!
Okay, then.
You can read scrolls again.
Maurice unwields a +0 whip.
Maurice drops a +0 whip.
Maurice picks up a +4 halberd.
Maurice wields a +4 halberd.
The orc priest calls down the wrath of Beogh upon you.
Beogh smites you!
* * * LOW HITPOINT WARNING * * *
You see here a +0 flail.
Maurice throws a throwing net.
The throwing net hits you.
You become entangled in the net!
There is a stone staircase leading up here.
You see here a throwing net.
You struggle against the net.
Unknown command.
You struggle against the net.
Maurice hits you from afar with a +4 halberd.
* * * LOW HITPOINT WARNING * * *
Maurice steals 2 of your 5 scrolls of blinking!
The wight hits you with a +2 great sword.
* * * LOW HITPOINT WARNING * * *
The orc priest invokes the aid of Beogh against you.
Pain shoots through your body!
* * * LOW HITPOINT WARNING * * *
You cannot drink potions in your current state!
Okay, then.
You cannot drink potions in your current state!
Okay, then.
As you read the scroll of fear, it crumbles to dust.
You assume a fearsome visage.
Maurice looks frightened!
The orc priest looks frightened!
The wight is unaffected.
Maurice gestures wildly while chanting.
Maurice flickers and vanishes!
Deactivating autopickup; reactivate with Ctrl-A.
The wight hits you with a +2 great sword.
You die...
Xom chortles!

#..# #..## ##...#
#....# #####....#
.........# ...#.....#
.##..#...# #########
.##.##...# #.)z@...#
###.###.## ##..o....#
#.# #.# ##.){.....#
#.###.###..)......#
###.##.......########
...........###
...###...### ..##
#.#.# .......#.#


You could see a wight and an orc priest (fleeing).

Vanquished Creatures
  Menkaure (D:6)
  Edmund (D:6)
  3 water moccasins
  3 ice beasts
  An orc warrior (D:8)
  Pargi (Sewer)
  An ogre (D:5)
  A phantom (D:6)
  A necrophage (D:6)
  A gnoll sergeant (D:8)
  4 hounds
  5 orc priests
  2 jellies
  Natasha (thrice) (D:2)
  6 iguanas
  2 orc wizards
  9 adders
  10 gnolls
  A shadow imp (D:5)
  A white imp (D:6)
  3 worms
  2 dart slugs (D:2)
  18 orcs
  6 endoplasms
  A giant cockroach (D:1)
  10 goblins
  4 hobgoblins
  A quokka (D:4)
  7 ball pythons
  7 bats
  3 frilled lizards
  2 goblin zombies (D:7)
  11 kobolds
  8 rats
140 creatures vanquished.

Vanquished Creatures (others)
  18 plants (D:5)
18 creatures vanquished.

Grand Total: 158 creatures vanquished

Notes
Turn   | Place    | Note
-------+----------+-------------------------------------------
     0 | D:1      | p0werm0de the Gargoyle Chaos Knight began the quest for the
                  | Orb.
     0 | D:1      | Reached XP level 1. HP: 14/14 MP: 1/1
   286 | D:1      | XOM: silly message
   339 | D:1      | XOM: silly message
   388 | D:1      | Reached XP level 2. HP: 19/19 MP: 2/2
   388 | D:1      | Gained mutation: You have hidden genetic potential. [potion
                  | of mutation]
   388 | D:1      | Gained mutation: You are frail. (-10% HP) [potion of
                  | mutation]
   388 | D:1      | Gained mutation: You passively dampen the noise of your
                  | surroundings. [potion of mutation]
   481 | D:1      | XOM: cloud trail
   508 | D:2      | Noticed Natasha
   520 | D:2      | Killed Natasha
   521 | D:2      | Reached skill level 1 in Evocations
   521 | D:2      | Reached XP level 3. HP: 9/21 MP: 3/3
   542 | D:2      | Gained mutation: You possess an exceptional clarity of
                  | mind. [hidden potential]
   790 | D:2      | Reached XP level 4. HP: 26/26 MP: 4/4
   797 | D:2      | Noticed Natasha
   807 | D:2      | Killed Natasha
   824 | D:2      | Gained mutation: You have a pair of small antennae on your
                  | head. [hidden potential]
   824 | D:2      | Lost mutation: You have hidden genetic potential. [hidden
                  | potential expressed]
  1013 | D:2      | Noticed Natasha
  1017 | D:2      | XOM: butterfly on damage
  1024 | D:2      | Killed Natasha
  1025 | D:2      | Reached XP level 5. HP: 6/29 MP: 5/5
  1282 | D:2      | XOM: 1-stop teleportation journey
  1537 | D:3      | XOM: summons 3 hostile demons
  1573 | D:3      | XOM: divination: magic mapping
  1650 | D:3      | Found Nonothru's Book Boutique.
  1699 | D:3      | Found a glowing drain.
  1715 | Sewer    | Entered a sewer
  1744 | Sewer    | Reached XP level 6. HP: 31/35 MP: 6/6
  1778 | Sewer    | Noticed Pargi
  1784 | Sewer    | XOM: confuse monster(s)
  1785 | Sewer    | Killed Pargi
  1853 | D:3      | Found Heretum's Antique Weapon Shoppe.
  2003 | D:3      | Found Neh Fon's Magic Scroll Shop.
  2013 | D:3      | Bought a scroll of identify for 26 gold pieces
  2013 | D:3      | Bought a scroll of fear for 52 gold pieces
  2020 | D:3      | XOM: cloud trail
  2093 | D:3      | Found Isodawiol's General Store.
  2215 | D:3      | Found Futs's Jewellery Emporium.
  2240 | D:3      | Found a faded altar of an unknown god.
  2445 | D:4      | XOM: silly message
  2497 | D:4      | XOM: silly message
  2530 | D:4      | Reached skill level 5 in Fighting
  2588 | D:4      | Reached XP level 7. HP: 35/39 MP: 7/7
  2636 | D:4      | XOM: give mutations
  2636 | D:4      | Lost mutation: You passively dampen the noise of your
                  | surroundings. [Xom's mischief]
  2636 | D:4      | Gained mutation: Armour fits poorly on your strangely
                  | shaped body. [Xom's mischief]
  2816 | D:5      | Entered Level 5 of the Dungeon
  2816 | D:5      | Found Ykugaicze's Antique Armour Boutique.
  2959 | D:4      | XOM: stat loss: -1 Str (16/17)
  2966 | D:5      | Lost mutation: Armour fits poorly on your strangely shaped
                  | body. [potion of mutation]
  2966 | D:5      | Lost mutation: You have a pair of small antennae on your
                  | head. [potion of mutation]
  2966 | D:5      | Lost mutation: You are frail. (-10% HP) [potion of
                  | mutation]
  2966 | D:5      | Gained mutation: You are partially covered in iridescent
                  | scales. (AC +2) [potion of mutation]
  3041 | D:5      | Found Oxtetat's Gadget Gallery.
  3479 | D:5      | Found a staircase to the Ecumenical Temple.
  3550 | D:5      | XOM: cast spell 'Leda's Liquefaction'
  3562 | D:5      | Reached skill level 5 in Armour
  3585 | D:5      | XOM: noise
  3741 | Temple   | Entered the Ecumenical Temple
  3741 | Temple   | Found a transporter.
  3741 | Temple   | Found a transporter.
  3743 | Temple   | Found a transporter.
  3743 | Temple   | Found a transporter.
  3755 | Temple   | Fell from the grace of Xom
  3755 | Temple   | Became a worshipper of Warmaster Okawaru
  3863 | D:6      | Noticed Menkaure
  3885 | D:6      | Killed Menkaure
  3886 | D:6      | Reached skill level 1 in Shields
  3886 | D:6      | Reached XP level 8. HP: 5/51 MP: 8/8
  4034 | D:6      | Noticed Edmund
  4082 | D:6      | XOM: give mutation
  4082 | D:6      | Gained mutation: You are dopey. (Int -2) [Xom's mischief]
  4154 | D:6      | Reached skill level 5 in Axes
  4154 | D:6      | Reached skill level 1 in Invocations
  4187 | D:6      | Found a broken altar of Ashenzari.
  4193 | D:6      | Reached * piety under Okawaru
  4208 | D:6      | XOM: summons 7 hostile demons
  4255 | D:5      | XOM: noise
  4294 | D:6      | XOM: give mutations
  4294 | D:6      | Lost mutation: You possess an exceptional clarity of mind.
                  | [Xom's mischief]
  4294 | D:6      | Gained mutation: You occasionally lose the ability to drink
                  | potions when taking damage. [Xom's mischief]
  4294 | D:6      | Gained mutation: Armour fits poorly on your strangely
                  | shaped body. [Xom's mischief]
  4294 | D:6      | Gained mutation: You occasionally lose the ability to read
                  | scrolls when taking damage. [Xom's mischief]
  4380 | D:6      | Killed Edmund
  4493 | D:6      | XOM: give mutations
  4493 | D:6      | Gained mutation: You occasionally shout uncontrollably at
                  | your foes. [Xom's mischief]
  4493 | D:6      | Gained mutation: You are clumsy. (Dex -2) [Xom's mischief]
  4591 | D:7      | Found a runed translucent door.
  4595 | D:7      | XOM: summons 3 hostile demons
  4742 | D:7      | Found a blossoming altar of Fedhas.
  4846 | D:7      | Reached ** piety under Okawaru
  4847 | D:7      | Reached XP level 9. HP: 52/56 MP: 11/11
  5018 | D:7      | Found a basalt altar of Yredelemnul.
  5021 | D:7      | XOM: stat loss: -2 Int (9/11)
  5177 | D:8      | Noticed Maurice
  5362 | D:8      | Slain by a wight

Illustrated notes

Levels and vault maps discovered:
D:1:      nzn_arrival_settlement, layout_loops_ring
D:2:      layout_rooms, dk_noncrumbling_3, st_stairs_1, uniq_natasha
D:3:      layout_basic, serial_shops, nicolae_shop_advertising_works
          [nicolae_subvault_shop_adworks], nicolae_shop_hallway_plus,
          nicolae_diamond_shop, shop, shop_statue, cheibrodos_sewer_entry_drain,
          basic_ecumenical_altar
D:4:      layout_rooms, minivault_23
D:5:      layout_loops_cross, minmay_temple_entry_poolview, serial_shops, shop,
          serial_bayou, serial_bayou_pond_a, serial_bayou_crossing,
          serial_bayou_shore_a, serial_bayou_lagoon_a, nicolae_shop_gadgets
D:6:      layout_cave_pools, old_standard_altar, uniq_edmund, uniq_menkaure
D:7:      layout_cave_pools, dk_yredelemnul_ordeal, fedhas_altar_2
D:8:      layout_rooms, uniq_maurice, uniq_joseph
Temple:   hellmonk_temple_divided_pantheon

Skill      XL: |  1  2  3  4  5  6  7  8  9 |
---------------+----------------------------+-----
Axes           | 3 4 5 |  5.7
Evocations     | 1 2 3 4 |  4.8
Armour         | 3 4 5 6 |  6.3
Fighting       | 4 5 6 |  6.9
Shields        | 1 3 |  3.6
Invocations    | 2 3 |  3.2
Dodging        | |  0.7

Action                   |  1- 3 |  4- 6 |  7- 9 || total
-------------------------+-------+-------+-------++-------
Melee: Hand axe          |    43 |   171 |   316 ||   530
       Punch             |       |     2 |     5 ||     7
Invok: Heroism           |       |       |     3 ||     3
  Use: Scroll            |     2 |     5 |     8 ||    15
       Potion            |     2 |       |     3 ||     5
Armor: Leather armour    |    23 |    47 |       ||    70
       Troll leather arm |       |    37 |   180 ||   217
Dodge: Dodged            |    31 |   103 |   201 ||   335
Block: Buckler           |       |       |    18 ||    18
